 Dungeon Crawl Stone Soup version 0.19.5 (webtiles) character file.

164 Gargoyl the Skirmisher (level 5, -2/46 HPs)
             Began as a Ghoul Abyssal Knight on Mar 14, 2017.
             Was a Believer of Lugonu.
             Killed by static electricity
             ... invoked by Turtleman12345's ghost
              (6 damage)
             ... on level 3 of the Dungeon.
             The game lasted 00:06:27 (2533 turns).

Gargoyl the Skirmisher (Ghoul Abyssal Knight)       Turns: 2533, Time: 00:06:28

Health: -2/46      AC:  7    Str: 14 (16) XL:     5   Next: 45%
Magic:  6/6        EV: 14    Int: 10 (12) God:    Lugonu [**....]
Gold:   245        SH:  0    Dex: 13 (14) Spells: 0 memorised, 4 levels left

rFire  . . .     SeeInvis +     a - +1 hand axe (flame)
rCold  + . .     Gourm    .     q - +0 scale mail
rNeg   + + +     Faith    .     (no shield)
rPois  ∞         Spirit   .     (no helmet)
rElec  .         Reflect  .     (no cloak)
rCorr  .         Harm     .     u - +0 pair of gloves
MR     .....                    (no boots)
Stlth  ++........               (no amulet)
                                v - ring of see invisible
                                l - ring of stealth

@: brilliant, agile, very slightly contaminated, rotting, hasted, very quick
A: rotting body, claws 1, carnivore 3, cold resistance 1, negative energy
resistance 3, slow regeneration 1, torment resistance, unbreathing
a: Depart the Abyss, Bend Space, Renounce Religion


You were on level 3 of the Dungeon.
You worshipped Lugonu.
Lugonu was pleased with you.
You were not hungry.

You visited 1 branch of the dungeon, and saw 3 of its levels.
You visited the Abyss 1 time.

You collected 245 gold pieces.

Inventory:

Hand Weapons
 a - a +1 hand axe of flaming (weapon)
 r - a +0 spear
Missiles
 b - 4 tomahawks (quivered)
Armour
 q - a +0 scale mail (worn)
 u - a +0 pair of gloves (worn)
Jewellery
 l - a ring of stealth (left hand)
 v - a ring of see invisible (right hand)
Scrolls
 e - a scroll of identify
 p - a scroll of amnesia {unknown}
 s - 4 scrolls of remove curse
Potions
 d - a potion of flight
 g - 2 potions of lignification
Books
 k - a book of Minor Magic

   Spells                             Type                      Level
   a - Magic Dart                     Conjuration                  1
   b - Blink                          Translocation                2
   c - Call Imp                       Summoning                    2
   d - Repel Missiles                 Charms/Air                   2
   e - Slow                           Hexes                        2
   f - Conjure Flame                  Conjuration/Fire             3
   g - Mephitic Cloud                 Conjuration/Poison/Air       3
Comestibles
 c - a meat ration
 f - 6 chunks of flesh
 o - a beef jerky


   Skills:
 + Level 4.1 Fighting
 + Level 2.9 Axes
 * Level 3.1 Armour
 + Level 1.5 Dodging
 * Level 2.8 Invocations


You had 4 spell levels left.
You didn't know any spells.

Dungeon Overview and Level Annotations

Branches:
Dungeon (3/15)

Altars:
Ashenzari
Sif Muna
Xom
The Shining One

Annotations:
D:3 Turtleman12345's ghost, amateur DgAE


Innate Abilities, Weirdness & Mutations

Your body is rotting away.
You thrive on raw meat.
You are immune to poison.
You have sharp fingernails.
You are carnivorous and can eat meat at any time.
Your flesh is cold resistant. (rC+)
You are immune to negative energy. (rN+++)
You regenerate slowly when monsters are visible.
You are immune to unholy pain and torment.
You can survive without breathing.


Message History

You are struck by lightning.
* * * LOW HITPOINT WARNING * * *
The lightning grounds out.
It was a potion of agility.
You feel agile all of a sudden.
Turtleman12345's ghost barely misses you.
It was a potion of degeneration.
There was something very wrong with that liquid.
You feel weakened.
You feel dopey.
You feel clumsy.
Your scale mail prevents you from hitting Turtleman12345's ghost.
Turtleman12345's ghost is almost destroyed.
Turtleman12345's ghost casts a spell.
You are struck by lightning.
* * * LOW HITPOINT WARNING * * *
The lightning grounds out.
You miss Turtleman12345's ghost.
Turtleman12345's ghost is almost destroyed.
Turtleman12345's ghost gestures wildly while chanting.
You are struck by lightning.
You die...

........#....###....# ##.......
##.##+#.#..##....##.#####........
.'.'..#.#.....##.##..##..........
.#.#..#.#.##.....###.##.##.......
##.####.#.#..#..###......#.......
........#.#.##..###......#.......
##.####.#..................#.....
.'.÷..#.#..<##..#........########
.#.#..#.#......W@........# #####
##.##+#.#.....(.###......####...#
..... ..#..#..####.......##......
##.## #.#............#####.......
+.+ .#.##..###.......#....≈≈≈.
#.# #............####...≈≈≈≈≈ #.#
####.#####...#.....≈≈...≈
...####.........≈≈.>.≈
...........#.....≈≈o..≈


You could see Turtleman12345's ghost.

Vanquished Creatures
  7 adders
  An ooze (D:1)
  2 worms
  3 dart slugs
  2 leopard geckos
  9 orcs
  7 bats
  2 giant cockroaches (D:2)
  8 goblins
  10 hobgoblins
  A jackal (D:3)
  2 quokkas
  A ball python (D:1)
  5 frilled lizards
  10 kobolds
  5 rats
75 creatures vanquished.

Notes
Turn   | Place    | Note
-------+----------+-------------------------------------------
     0 | Abyss:1  | Gargoyl the Ghoul Abyssal Knight began the quest for the Orb.
     0 | Abyss:1  | Reached XP level 1. HP: 19/19 MP: 1/1
    35 | Abyss:2  | Noticed a raiju
    35 | Abyss:2  | Noticed a raiju
    85 | Abyss:2  | Found a corrupted altar of Lugonu.
    88 | Abyss:2  | Noticed a large abomination
    88 | Abyss:2  | Noticed a small abomination
   135 | Abyss:3  | Noticed a large abomination
   136 | D:1      | Escaped the Abyss
   141 | D:1      | Reached skill level 1 in Dodging
   211 | D:1      | Reached XP level 2. HP: 21/27 MP: 2/2
   436 | D:1      | Reached * piety under Lugonu
   637 | D:1      | Reached skill level 4 in Fighting
   802 | D:1      | Reached XP level 3. HP: 32/33 MP: 3/3
   818 | D:2      | Found a faded altar of an unknown god.
   911 | D:2      | Reached XP level 4. HP: 29/40 MP: 4/4
   970 | D:2      | Found a shimmering altar of Xom.
  1405 | D:2      | Found a glowing golden altar of the Shining One.
  1572 | D:2      | Reached ** piety under Lugonu
  1658 | D:3      | Found a deep blue altar of Sif Muna.
  1745 | D:3      | Noticed Turtleman12345's ghost (amateur DgAE)
  2043 | D:2      | Reached XP level 5. HP: 20/45 MP: 4/6
  2450 | D:3      | Found a shattered altar of Ashenzari.
  2533 | D:3      | Killed from afar by Turtleman12345's ghost

Skill      XL: |  1  2  3  4  5 |
---------------+----------------+-----
Dodging        | 1 |  1.5
Armour         | 2 3 |  3.1
Fighting       | 4 |  4.1
Axes           | 2 |  2.9
Invocations    | |  2.8

Action                   |  1- 3 |  4- 6 || total
-------------------------+-------+-------++-------
Melee: Hand axe          |    70 |   171 ||   241
Throw: Tomahawk          |       |     1 ||     1
Invok: Depart the Abyss  |     1 |       ||     1
  Use: Scroll            |     4 |     5 ||     9
       Potion            |       |     7 ||     7
  Eat: Chunk             |     9 |    31 ||    40
Armor: Ring mail         |    22 |    23 ||    45
       Scale mail        |       |    58 ||    58
Dodge: Dodged            |    51 |    82 ||   133
